 Dungeon Crawl Stone Soup version 0.31-a0-1042-ga9834b393d (webtiles) character file.

Game seed: 9231174460690395859

117388 Armakuni the Thaumaturge (level 16, -10/125 HPs)
             Began as a Gnoll Conjurer on Nov 19, 2023.
             Was the Champion of Vehumet.
             Shot with an arrow by a naga sharpshooter (20 damage)
             ... on level 2 of the Snake Pit.
             The game lasted 01:32:31 (25773 turns).

Armakuni the Thaumaturge (Gnoll Conjurer)          Turns: 25773, Time: 01:32:32

Health: -10/125    AC: 20    Str: 12    XL:     16   Next: 74%
Magic:  27/32      EV: 15    Int: 34    God:    Vehumet [******]
Gold:   967        SH:  0    Dex: 11    Spells: 2/39 levels left

rFire   + . .        a - +9 hand axe of Domnawn {freeze, Will+ Int+2}
rCold   + . .        F - crystal ball of Wucad Mu {*channel}
rNeg    + . .        N - +6 acid dragon scales
rPois   +            y - -2 hat of the Alchemist {rElec rPois rF+ rC+ rN+ Will+ rMut rCorr}
rElec   +            z - +1 cloak
rCorr   +            Y - +0 pair of gloves
SInv    .            c - +2 pair of boots
Will    +++..        M - amulet of magic regeneration
Stlth   ++++         R - +6 ring of intelligence
HPRegen 0.40/turn    I - +6 ring of intelligence
MPRegen 0.63/turn

%: resist mutation, channel magic (40%)
@: no status effects
A: fangs 1, strong nose, distributed training
a: Renounce Religion


You were on level 2 of the Snake Pit.
You worshipped Vehumet.
Vehumet was exalted by your worship.
You visited 5 branches of the dungeon, and saw 25 of its levels.
You also visited: Bailey and Ice Cave.

You collected 2772 gold pieces.
You spent 1805 gold pieces at shops.

Inventory:

Hand Weapons
 a - the +9 hand axe of Domnawn (weapon) {freeze, Will+ Int+2}
   (You found it on level 4 of the Dungeon)

   Int+2:     It affects your intelligence (+2).
   Will+:     It increases your willpower.
Missiles
 b - 3 curare-tipped darts
 C - a throwing net
Armour
 c - a +2 pair of boots (worn)
 y - the -2 hat of the Alchemist (worn) {rElec rPois rF+ rC+ rN+ Will+ rMut rCorr}
   (You bought it in a shop on level 2 of the Orcish Mines)

   rF+:       It protects you from fire.
   rC+:       It protects you from cold.
   rElec:     It insulates you from electricity.
   rPois:     It protects you from poison rN+: It protects you from negative
   energy.
   Will+:     It increases your willpower.
   rCorr:     It protects you from acid and corrosion.
   rMut:      It protects you from mutation.
 z - a +1 cloak (worn)
 F - the crystal ball of Wucad Mu (worn) {*channel}
   (You acquired it on level 2 of the Lair of Beasts)

   *Channel:  It often returns the magic spent to cast spells, but lowers their
   success rate.
   It always returns the magic spent on miscasts.
 N - +6 acid dragon scales (worn)
 Y - a +0 pair of gloves (worn)
Magical Staves
 P - a staff of fire
Jewellery
 I - a +6 ring of intelligence (right hand)
 M - an amulet of magic regeneration (around neck)
 R - a +6 ring of intelligence (left hand)
Wands
 k - a wand of digging (8)
 l - a wand of light (6)
 m - a wand of mindburst (20)
 p - a wand of paralysis (10)
 r - a wand of roots (31)
 v - a wand of flame (14)
 V - a wand of polymorph (20)
Scrolls
 d - 2 scrolls of revelation
 f - 2 scrolls of butterflies
 g - 2 scrolls of enchant armour
 h - 9 scrolls of teleportation
 j - 3 scrolls of blinking
 o - 2 scrolls of noise
 A - a scroll of enchant weapon
 G - 2 scrolls of poison
 J - 2 scrolls of fog
 K - a scroll of fear
 L - 3 scrolls of vulnerability
 Q - 2 scrolls of amnesia
 T - 2 scrolls of immolation
 X - 3 scrolls of brand weapon
 Z - a scroll of silence
Potions
 e - 3 potions of cancellation
 i - 8 potions of curing
 n - 2 potions of resistance {unknown}
 q - 8 potions of heal wounds
 s - 3 potions of invisibility
 t - 2 potions of mutation {unknown}
 u - 3 potions of ambrosia
 w - a potion of magic
 x - 7 potions of brilliance
 B - 3 potions of enlightenment
 D - 2 potions of haste {unknown}
 E - 6 potions of might
 O - a potion of berserk rage {unknown}
 S - 4 potions of lignification
Miscellaneous
 H - a phantom mirror


   Skills:
 + Level 11.3 Fighting
 + Level 11.3 Short Blades
 + Level 11.3 Long Blades
 + Level 11.3 Axes
 + Level 11.3 Maces & Flails
 + Level 11.3 Polearms
 + Level 11.3 Staves
 + Level 11.3 Ranged Weapons
 + Level 11.3 Throwing
 + Level 11.3 Armour
 + Level 12.2 Dodging
 + Level 12.0 Stealth
 + Level 11.3 Shields
 + Level 11.3 Unarmed Combat
 + Level 12.3 Spellcasting
 + Level 11.8 Conjurations
 + Level 9.5 Hexes
 + Level 9.5 Summonings
 + Level 9.5 Necromancy
 + Level 9.5 Translocations
 + Level 9.5 Transmutations
 + Level 9.5 Fire Magic
 + Level 9.5 Ice Magic
 + Level 9.5 Air Magic
 + Level 9.5 Earth Magic
 + Level 9.5 Poison Magic
 + Level 12.3 Invocations
 + Level 11.3 Evocations
 + Level 10.4 Shapeshifting


You had 2 spell levels left.
You knew the following spells:

 Your Spells              Type           Power      Damage    Failure   Level
a - Stone Arrow           Conj/Erth      100%       3d13      1%          3
c - Freezing Cloud        Conj/Ice/Air   37%        6-21      1%          5
f - Fireball              Conj/Fire      38%        3d16      1%          5
j - Arcjolt               Conj/Air       38%        1d48      1%          5
m - Iskenderun's Mystic   Conj/Tloc      76%        2d15      1%          4
o - Orb of Destruction    Conj           40%        9d11      11%         7
s - Starburst             Conj/Fire      38%        6d11      4%          6
z - Searing Ray           Conj           100%       2d8       1%          2

Your spell library contained the following spells:

 Spells                   Type           Power      Damage    Failure   Level
 Yara's Violent Unravell  Hex/Tmut       36%        3d15      1%          5
 Foxfire                  Conj/Fire      100%       2x1d9     1%          1
 Magic Dart               Conj           100%       1d8       1%          1
 Sting                    Tmut/Pois      100%       1d8       1%          1
 Summon Small Mammal      Summ           100%       N/A       1%          1
 Cigotuvi's Dreadful Rot  Necr/Pois/Air  100%       N/A       1%          2
 Poisonous Vapours        Pois/Air       100%       N/A       1%          2
 Wereblood                Tmut           72%        N/A       1%          2
 Dazzling Flash           Conj/Hex       100%       N/A       1%          3
 Ignite Poison            Fire/Tmut/Pois 72%        N/A       1%          3
 Inner Flame              Hex/Fire       72%        N/A       1%          3
 Mephitic Cloud           Conj/Pois/Air  74%        N/A       1%          3
 Flame Wave               Conj/Fire      76%        2d17      1%          4
 Fulminant Prism          Conj/Hex       38%        3d17      1%          4
 Olgreb's Toxic Radiance  Pois           72%        N/A       1%          4
 Sticky Flame             Conj/Fire      76%        2d9       1%          4
 Irradiate                Conj/Tmut      38%        3d24      1%          5
 Call Canine Familiar     Summ           72%        N/A       2%          3
 Gell's Gravitas          Tloc           72%        N/A       2%          3
 Ozocubu's Armour         Ice            72%        N/A       2%          3
 Summon Guardian Golem    Hex/Summ       72%        N/A       2%          3
 Teleport Other           Tloc           72%        N/A       2%          3
 Animate Armour           Summ/Erth      100%       N/A       3%          4
 Vhi's Electric Charge    Tloc/Air       100%       N/A       3%          4
 Plasma Beam              Fire/Air       36%        2x1d49    6%          6
 Dispersal                Tloc           36%        N/A       22%         6
 Ozocubu's Refrigeration  Ice            36%        4d15      22%         7
 Lehudib's Crystal Spear  Conj/Erth      38%        10d9      63%         8
 Ignition                 Fire           36%        3d11      78%         8
 Maxwell's Capacitive Co  Air            36%        ∞         78%         8


Dungeon Overview and Level Annotations

Branches:
Dungeon (15/15)            Temple (1/1) D:5            Lair (5/5) D:10
  Swamp (0/4) Lair:3        Snake (2/4) Lair:2        Slime (0/5) Lair:5
    Orc (2/2) D:10            Elf (0/3) Orc:2        Vaults (0/5) D:13
 Bailey (visited)           IceCv (visited)
 Depths: D:15

Altars:
Ashenzari
Cheibriados
Dithmenos
Elyvilon
Fedhas
Gozag
Hepliaklqana
Kikubaaqudgha
Makhleb
Nemelex Xobeh
Okawaru
Qazlal
Ru
Sif Muna
Trog
Uskayaw
Vehumet
Wu Jian
Xom
Yredelemnul
Zin
The Shining One
Jiyva

Shops:
D:7 :   D:10 (   D:11 ?   D:15 *   Orc:1 [   Orc:2 :(*[(


Innate Abilities, Weirdness & Mutations

You have very sharp teeth.
Your uncanny sense of smell can sniff out nearby items.
Your experience applies equally to all skills.


Message History

It bursts into flame!
The naga sharpshooter mumbles some strange words.
The naga sharpshooter magically shoots an arrow.
The arrow completely misses you.
Casting: Iskenderun's Mystic Blast (mildly dangerous; 1% risk of failure)
Confirm with . or Enter, or press ? or * to list all spells.
Aiming: Orb of Destruction (dangerous; 11% risk of failure)
Press: ? - help, Shift-Dir - straight line, f - naga sharpshooter
Aim: a naga sharpshooter, wielding a +0 shortbow and wearing a +0 robe (freezing vapour, moderately wounded) Magical energy flows into your mind!
You feel sick.
You are no longer poisoned.
The naga sharpshooter is engulfed in freezing vapours.
The naga sharpshooter shoots an arrow.
The arrow barely misses you.
The naga warrior is engulfed in freezing vapours.
You kill the naga warrior!
Vehumet accepts your kill.
You feel your power returning.
The naga sharpshooter gestures wildly while chanting.
The naga sharpshooter magically shoots an arrow.
The arrow hits you!! The arrow burns you.
The naga sharpshooter is engulfed in freezing vapours.
The naga sharpshooter shoots an arrow.
The arrow hits you!
* * * LOW HITPOINT WARNING * * *
A salamander comes into view.
The naga sharpshooter shoots an arrow.
The arrow hits you!!
* * * LOW HITPOINT WARNING * * *
The arrow burns you.
* * * LOW HITPOINT WARNING * * *
The orb of destruction hits the naga sharpshooter!!!
You blow up the naga sharpshooter!
Vehumet accepts your kill.
You feel your power returning.
The salamander wields a +3 shortbow of flaming.
It bursts into flame!
The salamander shoots an arrow.
The arrow misses you.
The salamander mystic gestures at the salamander while chanting.
The salamander seems to speed up.
The naga sharpshooter gestures wildly while chanting.
The naga sharpshooter magically shoots an arrow.
The arrow hits you!!
You die...

.(...§§§§§N....
.....§§§§§.....
......§§§......
......§§§......
...............
...............
.............!.
#......@§.....○
.)....°..§○§§.§
.§§.§§§.##§§§§..
..§§§§○## §§§§.
..§§§§§# #..§..
.§§§§§..##NNN..(
..N......#....N.
...N....S.......
...........NNS.....


You could see a naga sharpshooter, a salamander mystic and 2 salamanders.

Vanquished Creatures
  Gastronok (Lair:2)
  2 orc warlords (Orc:2)
  A deep elf annihilator (D:14)
  The ghost of Vuarud the Worldbinder, a journeyman FeSu of the Shining One (Snake:1)
  Snorg (Lair:5)
  A yaktaur captain (D:14)
  A fire dragon (Lair:5)
  3 hydras
  5 vault guards (D:13)
  2 centaur warriors (D:13)
  4 anacondas
  13 death yaks
  4 boulder beetles
  9 two-headed ogres
  A death knight (D:14)
  3 naga warriors
  7 naga sharpshooters
  Sonja (Lair:2)
  4 orc high priests (Orc:2)
  2 shock serpents (Snake:1)
  A skyshark (Lair:5)
  A salamander mystic (Snake:1)
  A sea snake (Snake:1)
  A flayed ghost (D:14)
  4 naga ritualists
  A swamp dragon (Lair:5)
  A lindwurm (Lair:2)
  2 bog bodies (Lair:3)
  A wolf spider (Lair:5)
  8 mana vipers
  5 orc knights
  A manticore (D:12)
  4 orc sorcerers
  4 salamanders
  13 ugly things
  5 cyclopes
  4 elephants (Lair:5)
  2 slime creatures (D:14)
  12 black mambas
  2 guardian serpents
  2 gargoyles
  A naga mage (Snake:2)
  3 ice statues (IceCv)
  6 rime drakes
  A torpor snail (Lair:4)
  Maggie (Lair:2)
  19 cane toads
  A rime drake (shapeshifter) (D:14)
  An unseen horror (D:13)
  16 komodo dragons
  6 kobold demonologists
  2 efreet (D:13)
  An anaconda simulacrum (IceCv)
  A freezing wraith (IceCv)
  9 trolls
  2 hornets (Lair:5)
  3 meliai (D:14)
  Prince Ribbit (D:8)
  8 blink frogs
  6 dream sheep (Lair:3)
  Sigmund (D:4)
  A ynoxinul (D:8)
  36 yaks
  10 wyverns
  2 vampires
  2 basilisks
  7 humans (D:13)
  3 redbacks (Lair:5)
  2 steam dragons (Lair:5)
  2 death yak simulacra (IceCv)
  5 vampire mosquitoes
  4 wargs (Orc:1)
  5 acid dragons
  11 nagas
  A hydra simulacrum (IceCv)
  23 water moccasins
  A swamp drake (Lair:5)
  2 black bears
  45 orc warriors
  3 ice beasts
  2 sky beasts (D:8)
  2 wolves (Lair:1)
  12 ogres
  6 centaurs
  8 kobold brigands
  11 bullfrogs
  A gnoll sergeant (Orc:1)
  5 scorpions
  9 wights
  3 elephant simulacra (IceCv)
  7 killer bees
  8 howler monkeys
  9 vampire bats (Bailey)
  5 electric eels (Snake:1)
  8 wolf zombies (Bailey)
  A lava snake (D:7)
  3 hounds
  4 jellies
  27 orc priests
  A gnoll bouda (D:7)
  8 iguanas
  6 hell rats (Lair:3)
  31 orc wizards
  A polar bear simulacrum (IceCv)
  2 sleepcaps (D:6)
  16 gnolls
  9 adders
  A shadow imp (D:6)
  3 ufetubi
  3 worms
  A dart slug (D:1)
  99 orcs
  3 bats
  A bat zombie (D:14)
  5 endoplasms
  7 giant cockroaches
  6 goblins
  7 hobgoblins
  10 jackals
  6 quokkas
  5 ball pythons
  16 kobolds
  23 orc zombies (Bailey)
  6 rats
  A rat zombie (D:14)
803 creatures vanquished.

Vanquished Creatures (others)
  A blink frog (Lair:3)
1 creature vanquished.

Grand Total: 804 creatures vanquished

Notes
Turn   | Place    | Note
-------+----------+-------------------------------------------
     0 | D:1      | Armakuni the Gnoll Conjurer began the quest for the Orb.
     0 | D:1      | Reached XP level 1. HP: 13/13 MP: 6/6
   349 | D:1      | Reached XP level 2. HP: 19/19 MP: 4/7
   380 | D:1      | Learned a level 2 spell: Searing Ray
   814 | D:1      | Found a faded altar of an unknown god.
  1029 | D:1      | Reached skill level 5 in Spellcasting
  1029 | D:1      | Reached XP level 3. HP: 25/25 MP: 5/9
  1348 | D:2      | Reached skill level 1 in Invocations
  1614 | D:2      | Reached skill level 1 in Fighting
  1614 | D:2      | Reached skill level 1 in Short Blades
  1614 | D:2      | Reached skill level 1 in Long Blades
  1614 | D:2      | Reached skill level 1 in Axes
  1614 | D:2      | Reached skill level 1 in Maces & Flails
  1614 | D:2      | Reached skill level 1 in Polearms
  1614 | D:2      | Reached skill level 1 in Staves
  1614 | D:2      | Reached skill level 1 in Ranged Weapons
  1614 | D:2      | Reached skill level 1 in Throwing
  1614 | D:2      | Reached skill level 1 in Armour
  1614 | D:2      | Reached skill level 1 in Shields
  1614 | D:2      | Reached skill level 1 in Unarmed Combat
  1614 | D:2      | Reached skill level 1 in Evocations
  2073 | D:3      | Reached XP level 4. HP: 32/32 MP: 8/11
  2078 | D:3      | Reached skill level 1 in Shapeshifting
  2277 | D:3      | Reached skill level 1 in Hexes
  2277 | D:3      | Reached skill level 1 in Summonings
  2277 | D:3      | Reached skill level 1 in Necromancy
  2277 | D:3      | Reached skill level 1 in Translocations
  2277 | D:3      | Reached skill level 1 in Transmutations
  2277 | D:3      | Reached skill level 1 in Fire Magic
  2277 | D:3      | Reached skill level 1 in Ice Magic
  2277 | D:3      | Reached skill level 1 in Air Magic
  2277 | D:3      | Reached skill level 1 in Earth Magic
  2277 | D:3      | Reached skill level 1 in Poison Magic
  2608 | D:3      | Reached XP level 5. HP: 31/37 MP: 3/12
  2861 | D:3      | Learned a level 4 spell: Iskenderun's Mystic Blast
  3086 | D:4      | Reached XP level 6. HP: 33/44 MP: 8/13
  3097 | D:4      | Reached skill level 5 in Dodging
  3513 | D:4      | Noticed Sigmund
  3518 | D:4      | Killed Sigmund
  3519 | D:4      | Reached XP level 7. HP: 51/51 MP: 9/15
  3581 | D:4      | Identified the +9 hand axe of Domnawn {freeze, Will+ Int+2}
  3947 | D:5      | Entered Level 5 of the Dungeon
  4004 | D:5      | Reached skill level 5 in Stealth
  4208 | D:5      | Found a staircase to the Ecumenical Temple.
  4216 | Temple   | Entered the Ecumenical Temple
  4225 | Temple   | Became a worshipper of Vehumet
  4480 | D:5      | Learned a level 5 spell: Freezing Cloud
  4641 | D:5      | Reached XP level 8. HP: 22/58 MP: 4/16
  5179 | D:5      | Learned a level 3 spell: Ozocubu's Armour
  5459 | D:6      | Found a glowing silver altar of Zin.
  5915 | D:6      | Reached * piety under Vehumet
  5915 | D:6      | Offered knowledge of Kiss of Death by Vehumet.
  5918 | D:6      | Reached XP level 9. HP: 58/65 MP: 9/18
  6206 | D:6      | Noticed a troll
  6219 | D:6      | Killed a troll
  6982 | D:6      | Reached skill level 5 in Invocations
  7078 | D:7      | Found a burning altar of Makhleb.
  7458 | D:7      | Reached XP level 10. HP: 72/73 MP: 11/20
  7595 | D:7      | Found a sacrificial altar of Ru.
  7598 | D:7      | Offered knowledge of Shock by Vehumet.
  7603 | D:7      | Reached ** piety under Vehumet
  7733 | D:7      | Found Ruronice's Tremendous Tomes.
  7802 | D:7      | Found a blossoming altar of Fedhas.
  7802 | D:7      | Found a shadowy altar of Dithmenos.
  8011 | D:7      | Reached skill level 5 in Fighting
  8011 | D:7      | Reached skill level 5 in Short Blades
  8011 | D:7      | Reached skill level 5 in Long Blades
  8011 | D:7      | Reached skill level 5 in Axes
  8011 | D:7      | Reached skill level 5 in Maces & Flails
  8011 | D:7      | Reached skill level 5 in Polearms
  8011 | D:7      | Reached skill level 5 in Staves
  8011 | D:7      | Reached skill level 5 in Ranged Weapons
  8011 | D:7      | Reached skill level 5 in Throwing
  8011 | D:7      | Reached skill level 5 in Armour
  8011 | D:7      | Reached skill level 5 in Shields
  8011 | D:7      | Reached skill level 5 in Unarmed Combat
  8011 | D:7      | Reached skill level 5 in Evocations
  8090 | D:8      | Learned a level 3 spell: Stone Arrow
  8132 | D:8      | Noticed Prince Ribbit
  8139 | D:8      | Killed Prince Ribbit
  8435 | D:8      | Found a hide-covered altar of Uskayaw.
  8523 | D:8      | Learned a level 5 spell: Arcjolt
  8672 | D:8      | Offered knowledge of Scorch by Vehumet.
  8706 | D:8      | Found an ancient bone altar of Kikubaaqudgha.
  8747 | D:8      | Found a bloodstained altar of Trog.
  8893 | D:8      | Found a shimmering blue altar of Sif Muna.
  8898 | D:8      | Reached skill level 5 in Shapeshifting
  8964 | D:8      | Got Sif Muna's Lectures on Reformation
  9091 | D:9      | Found an opulent altar of Gozag.
  9189 | D:9      | Reached *** piety under Vehumet
  9951 | D:10     | Entered Level 10 of the Dungeon
 10001 | D:10     | Noticed a two-headed ogre
 10009 | D:10     | Killed a two-headed ogre
 10143 | D:10     | Noticed a death yak
 10160 | D:10     | Killed a death yak
 10161 | D:10     | Reached XP level 11. HP: 65/81 MP: 8/22
 10243 | D:10     | Found a staircase to the Orcish Mines.
 10245 | D:10     | Found Vasmiutz's Weapon Boutique.
 10264 | D:10     | Reached skill level 5 in Hexes
 10264 | D:10     | Reached skill level 5 in Summonings
 10264 | D:10     | Reached skill level 5 in Necromancy
 10264 | D:10     | Reached skill level 5 in Translocations
 10264 | D:10     | Reached skill level 5 in Transmutations
 10264 | D:10     | Reached skill level 5 in Fire Magic
 10264 | D:10     | Reached skill level 5 in Ice Magic
 10264 | D:10     | Reached skill level 5 in Air Magic
 10264 | D:10     | Reached skill level 5 in Earth Magic
 10264 | D:10     | Reached skill level 5 in Poison Magic
 10536 | D:10     | Found a broken altar of Ashenzari.
 10559 | D:10     | Found a flagged portal.
 10619 | Bailey   | Entered a bailey
 10729 | Bailey   | Offered knowledge of Hailstorm by Vehumet.
 10875 | Bailey   | Reached **** piety under Vehumet
 10926 | Bailey   | Offered knowledge of Brom's Barrelling Boulder by Vehumet.
 11485 | Bailey   | Found the +2 hat of the Bear Spirit {Spirit, Bear, *Rage
                  | Will++}
 11582 | D:10     | Noticed a death yak
 11592 | D:10     | Killed a death yak
 11596 | D:10     | Noticed a death yak
 11597 | D:10     | Noticed a death yak
 11597 | D:10     | Noticed a death yak
 11597 | D:10     | Noticed a death yak
 11598 | D:10     | Noticed a death yak
 11598 | D:10     | Noticed a death yak
 11602 | D:10     | Killed a death yak
 11612 | D:10     | Killed a death yak
 11621 | D:10     | Killed a death yak
 11630 | D:10     | Killed a death yak
 11917 | D:10     | Identified the +8 war axe "Ziraisog" {venom, Int+3}
 12144 | D:10     | Noticed a two-headed ogre
 12156 | D:10     | Killed a two-headed ogre
 12183 | D:10     | Found a staircase to the Lair.
 12193 | D:10     | Killed a death yak
 12204 | D:10     | Killed a death yak
 12205 | D:10     | Reached XP level 12. HP: 68/91 MP: 18/24
 12505 | D:11     | Found a frozen archway.
 12520 | IceCv    | Entered an ice cave
 12545 | IceCv    | Reached ***** piety under Vehumet
 12800 | IceCv    | Offered knowledge of Spellforged Servitor by Vehumet.
 13316 | D:11     | Found a blossoming altar of Fedhas.
 13391 | D:11     | Noticed a two-headed ogre
 13395 | D:11     | Killed a two-headed ogre
 13506 | D:11     | Found Qonoi's Magic Scroll Boutique.
 13548 | D:11     | Bought a scroll of enchant armour for 112 gold pieces
 13549 | D:11     | Bought a scroll of blinking for 112 gold pieces
 13549 | D:11     | Bought a scroll of amnesia for 60 gold pieces
 13549 | D:11     | Bought a scroll of teleportation for 45 gold pieces
 13549 | D:11     | Bought a scroll of identify for 30 gold pieces
 13549 | D:11     | Bought a scroll of identify for 30 gold pieces
 13969 | D:12     | Noticed a two-headed ogre
 13975 | D:12     | Killed a two-headed ogre
 14400 | D:12     | Noticed a two-headed ogre
 14417 | D:12     | Killed a two-headed ogre
 14508 | D:12     | Reached XP level 13. HP: 67/98 MP: 21/26
 14897 | D:13     | Noticed a vault guard
 14897 | D:13     | Noticed a vault guard
 14897 | D:13     | Noticed a vault guard
 14901 | D:13     | Noticed a vault guard
 14902 | D:13     | Killed a vault guard
 14907 | D:13     | Killed a vault guard
 14908 | D:13     | Killed a vault guard
 14910 | D:13     | Noticed a vault guard
 14910 | D:13     | Killed a vault guard
 14911 | D:13     | Reached skill level 10 in Conjurations
 14918 | D:13     | Killed a vault guard
 15030 | D:13     | Found a gate to the Vaults.
 15530 | D:13     | Reached skill level 10 in Spellcasting
 16245 | D:14     | Reached skill level 10 in Dodging
 16528 | D:14     | Found an ancient bone altar of Kikubaaqudgha.
 16641 | D:15     | Entered Level 15 of the Dungeon
 16663 | D:15     | Found Wev Hodu's General Store.
 16907 | D:14     | Reached skill level 10 in Stealth
 16907 | D:14     | Reached XP level 14. HP: 97/108 MP: 28/28
 17016 | D:14     | Reached skill level 10 in Invocations
 17016 | D:14     | Noticed a deep elf annihilator
 17025 | D:14     | Killed a deep elf annihilator
 17436 | Orc:1    | Entered Level 1 of the Orcish Mines
 17449 | Orc:1    | Offered knowledge of Orb of Destruction by Vehumet.
 17494 | Orc:1    | Learned a level 7 spell: Orb of Destruction
 17857 | Orc:2    | Entered Level 2 of the Orcish Mines
 17864 | Orc:2    | Noticed an orc warlord
 17876 | Orc:2    | Killed an orc warlord
 18262 | Orc:2    | Found a burning altar of Makhleb.
 18331 | Orc:2    | Noticed an orc warlord
 18343 | Orc:2    | Killed an orc warlord
 18391 | Orc:2    | Offered knowledge of Conjure Ball Lightning by Vehumet.
 18473 | Orc:2    | Found Fiqoat's Weapon Boutique.
 18489 | Orc:2    | Found a staircase to the Elven Halls.
 18663 | Orc:2    | Found Zuism's General Store.
 18664 | Orc:2    | Found Hypapt's Book Boutique.
 18666 | Orc:2    | Found Woalaf's Antique Armour Shop.
 18666 | Orc:2    | Found Osisiaph's Antique Weapon Shop.
 18684 | Orc:2    | Bought the -2 hat of the Alchemist {rElec rPois rF+ rC+ rN+
                  | Will+ rMut rCorr} for 1416 gold pieces
 18684 | Orc:2    | Found the -2 hat of the Alchemist {rElec rPois rF+ rC+ rN+
                  | Will+ rMut rCorr}
 18828 | Orc:1    | Found Lunkad's Antique Armour Emporium.
 19114 | Lair:1   | Entered Level 1 of the Lair of Beasts
 19423 | Lair:1   | Reached XP level 15. HP: 109/115 MP: 30/30
 19760 | Lair:1   | Reached skill level 10 in Fighting
 19760 | Lair:1   | Reached skill level 10 in Short Blades
 19760 | Lair:1   | Reached skill level 10 in Long Blades
 19760 | Lair:1   | Reached skill level 10 in Axes
 19760 | Lair:1   | Reached skill level 10 in Maces & Flails
 19760 | Lair:1   | Reached skill level 10 in Polearms
 19760 | Lair:1   | Reached skill level 10 in Staves
 19760 | Lair:1   | Reached skill level 10 in Ranged Weapons
 19760 | Lair:1   | Reached skill level 10 in Throwing
 19760 | Lair:1   | Reached skill level 10 in Armour
 19760 | Lair:1   | Reached skill level 10 in Shields
 19760 | Lair:1   | Reached skill level 10 in Unarmed Combat
 19760 | Lair:1   | Reached skill level 10 in Evocations
 19844 | Lair:2   | Noticed Gastronok
 19857 | Lair:2   | Killed Gastronok
 20124 | Lair:2   | Noticed Maggie
 20130 | Lair:2   | Killed Maggie
 20157 | Lair:2   | Identified a scroll of acquirement
 20157 | Lair:2   | Acquired the crystal ball of Wucad Mu {*channel}
 20157 | Lair:2   | Found the crystal ball of Wucad Mu {*channel}
 20208 | Lair:2   | Noticed Sonja
 20212 | Lair:2   | Found a staircase to the Snake Pit.
 20215 | Lair:2   | Killed Sonja
 20392 | Lair:2   | Identified the ring "Emontul" {Ice Dex+5 SInv}
 20477 | Lair:2   | Reached ****** piety under Vehumet
 20894 | Lair:3   | Offered knowledge of Fireball by Vehumet.
 20913 | Lair:3   | Learned a level 5 spell: Fireball
 21448 | Lair:3   | Found a staircase to the Swamp.
 22379 | Lair:5   | Entered Level 5 of the Lair of Beasts
 22450 | Lair:5   | Offered knowledge of Eringya's Noxious Bog by Vehumet.
 22536 | Lair:5   | Found a viscous altar of Jiyva.
 22536 | Lair:5   | Found a staircase to the Slime Pits.
 22536 | Lair:5   | Noticed Snorg
 22542 | Lair:5   | Killed Snorg
 22751 | Lair:5   | Reached XP level 16. HP: 124/124 MP: 31/31
 23395 | Lair:5   | Reached skill level 10 in Shapeshifting
 23772 | Lair:1   | Learned a level 6 spell: Starburst
 23803 | Snake:1  | Entered Level 1 of the Snake Pit
 23809 | Snake:1  | Offered knowledge of Yara's Violent Unravelling by Vehumet.
 24460 | Snake:1  | Found a runed translucent gate.
 24461 | Snake:1  | Found a runed translucent gate.
 24461 | Snake:1  | Found a runed translucent gate.
 24463 | Snake:1  | Noticed Vuarud's ghost (journeyman FeSu)
 24469 | Snake:1  | Killed Vuarud's ghost
 24485 | Snake:1  | Identified the +0 war axe "Usiamin" {chaos, rPois Int+5
                  | Dex-2}
 25773 | Snake:2  | Shot with an arrow by a naga sharpshooter

Illustrated notes

Levels and vault maps discovered:
D:1:      noname_arrival_rooms_in_the_neighbourhood, layout_loops_ring,
          basic_ecumenical_altar, kennysheep_small_spiral
D:2:      layout_loops_ring
D:3:      layout_basic, dreamdust_wishing_well
D:4:      layout_basic, uniq_sigmund
D:5:      layout_loops_corners, temple_fountains
D:6:      kennysheep_windowed_halls, layout_basic, mainiacjoe_overflow_paths
D:7:      layout_rooms, mainiacjoe_overflow_small_starburst,
          nicolae_ru_sacrificial_ziggurat, nicolae_overflow_two_pavilions,
          nicolae_shop_i_like_big_books, kennysheep_generic_room_2
D:8:      layout_rooms, nzn_overflow_gifts_of_might_and_magic,
          overflow_temple_1_default, mainiacjoe_overflow_concentric_impassable,
          grunt_ministairs_10, minmay_misc_feat_encased,
          chequers_serial_rivers_room_a, uniq_prince_ribbit1
D:9:      layout_long_grid, grunt_gozag_statues
D:10:     layout_irregular_city, ashenzari_conservatory_becter,
          dpeg_lair_monsters, orc_david_3, enter_bailey_2, minmay_misc_feat_iff
D:11:     layout_loops_corners, serial_shops, nicolae_shop_tiny_glass,
          portal_ice_cave_rime, fedhas_altar_4
D:12:     layout_cave_pools
D:13:     layout_basic, ximxim_vaults_locker_room
D:14:     minmay_chopped_fan, layout_gridville, serial_library_hellmonk_h_bend,
          lemuel_zombie_altar_kikubaaqudgha
D:15:     grunt_enter_depths_hoard, layout_rooms,
          hangedman_decor_diamond_cutter, biasface_ghost_orc_armoury,
          serial_corexii_hall, corexii_hall_statues_i, corexii_hall_statues_x,
          serial_shops, shop
Temple:   minmay_freezing_vapour_temple
Lair:1:   layout_chaotic_city, beast_lair_carwin_5
Lair:2:   layout_chaotic_city, minmay_snake_entry_guardpost_small,
          lemuel_fruit_tree, uniq_maggie, uniq_gastronok, uniq_sonja
Lair:3:   layout_regular_city, skrybe_swamp_entry_bodies, lemuel_old_faithful,
          grunt_megastairs_3
Lair:4:   layout_regular_city, grunt_megastairs_4
Lair:5:   guppyfry_lair_end_dragon, layout_cave_shapes,
          hangedman_lair_tendril_chambers, slime_entry_1, uniq_snorg
Snake:1:  layout_basic, ebering_ghost_rock_garden, grunt_ministairs_14
Snake:2:  layout_cave_shapes, serial_shops, shop
Orc:1:    layout_caves, basic_altar, serial_shops, shop
Orc:2:    st_orc_congregation, layout_caves, basic_altar, serial_shops,
          nicolae_shop_bloodbath_and_beyond

Skill      XL: |  1  2  3  4  5  6  7  8  9 10 11 12 13 14 15 16 |
---------------+-------------------------------------------------+-----
Spellcasting   | 5 6 7 8 9 10 11 12 | 12.3
Invocations    | 1 2 3 4 5 6 7 8 9 10 11 12 | 12.3
Fighting       | 1 2 3 4 6 7 8 9 10 11 | 11.3
Short Blades   | 1 2 3 4 6 7 8 9 10 11 | 11.3
Long Blades    | 1 2 3 4 6 7 8 9 10 11 | 11.3
Axes           | 1 2 3 4 6 7 8 9 10 11 | 11.3
Maces & Flails | 1 2 3 4 6 7 8 9 10 11 | 11.3
Polearms       | 1 2 3 4 6 7 8 9 10 11 | 11.3
Staves         | 1 2 3 4 6 7 8 9 10 11 | 11.3
Ranged Weapons | 1 2 3 4 6 7 8 9 10 11 | 11.3
Throwing       | 1 2 3 4 6 7 8 9 10 11 | 11.3
Armour         | 1 2 3 4 6 7 8 9 10 11 | 11.3
Shields        | 1 2 3 4 6 7 8 9 10 11 | 11.3
Unarmed Combat | 1 2 3 4 6 7 8 9 10 11 | 11.3
Evocations     | 1 2 3 4 6 7 8 9 10 11 | 11.3
Shapeshifting  | 1 2 3 4 5 6 7 8 9 10 | 10.4
Hexes          | 1 2 3 4 5 6 7 8 9 |  9.5
Summonings     | 1 2 3 4 5 6 7 8 9 |  9.5
Necromancy     | 1 2 3 4 5 6 7 8 9 |  9.5
Translocations | 1 2 3 4 5 6 7 8 9 |  9.5
Transmutations | 1 2 3 4 5 6 7 8 9 |  9.5
Fire Magic     | 1 2 3 4 5 6 7 8 9 |  9.5
Ice Magic      | 1 2 3 4 5 6 7 8 9 |  9.5
Air Magic      | 1 2 3 4 5 6 7 8 9 |  9.5
Earth Magic    | 1 2 3 4 5 6 7 8 9 |  9.5
Poison Magic   | 1 2 3 4 5 6 7 8 9 |  9.5
Dodging        | 5 6 7 8 9 10 11 12 | 12.2
Stealth        | 5 6 7 8 9 10 11 12 | 12.0
Conjurations   | 8 9 10 11 | 11.8

Action                     |  1- 3 |  4- 6 |  7- 9 | 10-12 | 13-15 | 16-18 || total
---------------------------+-------+-------+-------+-------+-------+-------++-------
  Melee: Short sword       |     8 |       |       |       |       |       ||     8
         Flail             |       |     1 |       |       |       |       ||     1
         Hand axe          |       |       |    39 |   179 |   172 |    27 ||   417
         Bite              |       |       |     2 |    26 |    19 |     3 ||    50
  Throw: Dart              |       |       |       |       |     2 |       ||     2
   Cast: Magic Dart        |    10 |       |       |       |       |       ||    10
         Searing Ray       |    23 |    32 |    64 |    47 |       |       ||   166
         Ozocubu's Armour  |       |       |     1 |     1 |       |       ||     2
         Stone Arrow       |       |       |       |    70 |   273 |    24 ||   367
         Freezing Cloud    |       |       |       |    28 |    44 |    12 ||    84
         Iskenderun's Myst |       |       |       |    41 |   114 |    41 ||   196
         Arcjolt           |       |       |       |     6 |     8 |       ||    14
         Orb of Destructio |       |       |       |       |    17 |    64 ||    81
         Fireball          |       |       |       |       |       |     3 ||     3
         Starburst         |       |       |       |       |       |     2 ||     2
  Evoke: Wand              |       |       |     4 |    15 |     8 |       ||    27
    Use: Scroll            |     1 |     3 |     2 |    16 |     8 |     3 ||    33
         Potion            |       |       |       |     2 |     1 |       ||     3
   Stab: Distracted        |       |       |     1 |     1 |       |       ||     2
         Sleeping          |       |       |     1 |       |       |       ||     1
         Paralysed         |       |       |       |     2 |       |       ||     2
 Armour: Robe              |     4 |    16 |    53 |   151 |       |       ||   224
         Acid dragon scale |       |       |       |    46 |   191 |    81 ||   318
  Dodge: Dodged            |    11 |    28 |    80 |   199 |   165 |    51 ||   534

Table legend: (Time is in decaauts)
 A = Elapsed time spent in this place.
 B = Non-inter-level travel time spent in this place.
 C = Inter-level travel time spent in this place.
 D = Time resting spent in this place.
 E = Time spent auto-exploring this place.
 F = Levels seen in this place.
 G = Mean time per level.
                   A        B        C        D        E       F      G
               +--------+--------+--------+--------+--------+-----+--------+
         Total |  25760 |  24784 |    976 |   5723 |  13757 |  27 |  954.1 |
       Dungeon |  16028 |  15583 |    445 |   3846 |   8758 |  15 | 1068.5 |
        Temple |     14 |     14 |      0 |      0 |      0 |   1 |   14.0 |
          Lair |   4681 |   4536 |    145 |    431 |   2930 |   5 |  936.2 |
     Snake Pit |   1971 |   1810 |    161 |    521 |   1019 |   2 |  985.5 |
  Orcish Mines |   1654 |   1430 |    224 |    169 |    941 |   2 |  827.0 |
        Bailey |    938 |    938 |      0 |    522 |    109 |   1 |  938.0 |
      Ice Cave |    470 |    470 |      0 |    234 |      0 |   1 |  470.0 |
               +--------+--------+--------+--------+--------+-----+--------+

Top non-repeatable levels by time:
 Snake:1: 1918 daAuts
     D:6: 1735 daAuts
    D:10: 1533 daAuts
    D:13: 1449 daAuts
     D:5: 1342 daAuts
  Lair:5: 1341 daAuts
    D:11: 1181 daAuts
     D:1: 1120 daAuts
     D:3: 1116 daAuts
  Lair:2: 1065 daAuts
    D:14: 1037 daAuts
     D:8: 1028 daAuts
     D:7: 1024 daAuts
   Orc:2: 978 daAuts
  Bailey: 938 daAuts
